AoeStats
← MathLCN

Four Lakes

508060937Analyzed
1v1 RM · 10d ago on Sep 20, 2026· 49m 48s· 2 players
Game mode
Random Map
Map size
Tiny (2 player)
Population
200
Speed
Normal
Resources
Standard
Victory
Conquest
Starting age
Dark Age
Ending age
Imperial Age
RankedLock teamsTeams togetherTeam positionsShared explorationLock speedFull tech treeHidden civsTurbo modeCheats
Victory
Defeat
🇫🇷 Mongols · France
419
+20
🇩🇰 Saracens · Denmark
501
-20
MathLCN
6:57 Loom
10:32 Feudal Age
11:38 Double-Bit Axe
13:44 Wheelbarrow
19:22 Castle Age
17:29 Stone Mining
17:34 Gold Mining
19:07 Horse Collar
21:57 Stone Shaft Mining
23:59 Bow Saw
24:30 Pikeman
25:12 Squires
25:30 Town Watch
28:15 Hand Cart
29:32 Heavy Plow
31:58 Padded Archer Armor
31:49 Fletching
32:05 Scale Barding Armor
32:27 Ballistics
32:04 Murder Holes
34:13 Forging
34:26 Chain Barding Armor
34:22 Leather Archer Armor
34:03 Bodkin Arrow
38:10 Imperial Age
37:04 Town Patrol
37:23 Fortified Wall
37:24 Masonry
38:55 Man-at-Arms
40:42 Elite Mangudai
41:05 Long Swordsman
45:07 Conscription
45:14 Forging
45:05 Scale Mail Armor
47:13 Two-Handed Swordsman
50:29 Gold Shaft Mining
Patchwork
9:39 Feudal Age
11:05 Double-Bit Axe
17:19 Man-at-Arms
20:56 Horse Collar
25:04 Castle Age
23:43 Scale Mail Armor
23:53 Forging
26:01 Pikeman
28:43 Wheelbarrow
28:20 Heavy Plow
29:16 Wheelbarrow
30:40 Elite Skirmisher
38:32 Chain Mail Armor
38:19 Padded Archer Armor
43:16 Imperial Age
41:14 Thumb Ring
41:38 Ballistics
44:56 Heavy Camel Rider
47:47 Chemistry
Connection lost

Rejoining the realm…

Still unreachable

The connection could not be restored.

Session expired

The server has moved on; the page needs a fresh start.